 Dungeon Crawl Stone Soup version 0.19-a0-1384-gbb462ca (webtiles) character file.

371 jacquesderrida the Caller (level 6, -3/47 HPs)
             Began as a Demonspawn Summoner on Sept 3, 2016.
             Slain by a centaur (4 damage)
             ... on level 6 of the Dungeon.
             The game lasted 00:11:52 (1401 turns).

jacquesderrida the Caller (Demonspawn Summoner)     Turns: 1401, Time: 00:11:52

Health: -3/47      AC:  4    Str:  8    XL:     6   Next: 42%
Magic:  1/10       EV: 12    Int: 18    God:
Gold:   54         SH:  0    Dex: 14    Spells: 4 memorised, 0 levels left

rFire  . . .     SeeInvis .       - Unarmed
rCold  + . .     Gourm    .     a - +0 robe
rNeg   . . .     Faith    .     (no shield)
rPois  .         Spirit   .     (no helmet)
rElec  .         Dismiss  .     (no cloak)
rCorr  .         Reflect  .     (no gloves)
MR     .....     Harm     .     m - +1 pair of boots
Stlth  ++........               (no amulet)
                                (no ring)
                                (no ring)

@: no status effects
A: claws 1, cold resistance 1, robust 1
a: no special abilities


You were on level 6 of the Dungeon.
You were not hungry.

You visited 1 branch of the dungeon, and saw 6 of its levels.

You collected 54 gold pieces.

Inventory:

Missiles
 d - 3 tomahawks (quivered)
Armour
 a - a +0 robe (worn)
 m - a +1 pair of boots (worn)
Scrolls
 e - a scroll of immolation {unknown}
 h - a scroll of enchant armour
 i - a scroll of teleportation
 j - a scroll of magic mapping
Potions
 l - a potion of berserk rage
 p - 2 potions of flight
Books
 b - a book of Callings

   Spells                             Type                      Level
   a - Summon Small Mammal            Summoning                    1
   b - Call Imp                       Summoning                    2
   c - Call Canine Familiar           Summoning                    3
   d - Summon Guardian Golem          Hexes/Summoning              3
   e - Summon Lightning Spire         Summoning/Air                4
   f - Summon Ice Beast               Ice/Summoning                4
 k - a book of Death

   Spells                             Type                      Level
   a - Corpse Rot                     Necromancy                   2
   b - Sublimation of Blood           Necromancy                   2
   c - Agony                          Necromancy                   5
   d - Dispel Undead                  Necromancy                   5
   e - Excruciating Wounds            Charms/Necromancy            5
   f - Bolt of Draining               Conjuration/Necromancy       5
Comestibles
 c - 2 bread rations
 g - a royal jelly
 o - 4 fruits


   Skills:
 - Level 1.2 Fighting
 - Level 2.2 Dodging
 - Level 1.7 Stealth
 + Level 3.1 Unarmed Combat
 - Level 2.8 Spellcasting
 + Level 5.8 Summonings
 + Level 0.5 Ice Magic


You couldn't memorise any spells.
You knew the following spells:

 Your Spells              Type           Power        Failure   Level  Hunger
a - Summon Small Mammal   Summ           ###.         1%          1    None
b - Call Imp              Summ           ###.....     1%          2    ##.....
c - Call Canine Familiar  Summ           ###.....     4%          3    ###....
d - Summon Ice Beast      Ice/Summ       ##......     54%         4    ####...


Dungeon Overview and Level Annotations

Branches:
Dungeon (6/15)
 Temple: D:4-7

Altars:

Shops:
D:5 !=

Annotations:
D:4 Dowan, Duvessa, Eustachio


Innate Abilities, Weirdness & Mutations

You have sharp fingernails.
Your flesh is cold resistant. (rC+)
You are robust. (+10% HP)


Message History

Your hound bites the centaur but does no damage.
The centaur unwields an uncursed shortbow of freezing.
The centaur barely misses your hound.
The crimson imp closely misses your crimson imp.
Your hound barely misses the centaur.
You see here an arrow.
Unknown command.
You catch the helpless centaur completely off-guard!
You scratch the centaur but do no damage.
The centaur is severely wounded.
The centaur closely misses you.
Your hound bites the centaur but does no damage.
The centaur closely misses you.
Your crimson imp hits the centaur but does no damage.
The crimson imp blinks!
Unknown command.
You scratch the centaur but do no damage.
The centaur is severely wounded.
Your hound barely misses the centaur.
The centaur hits you.
You die...

.... .####.#.# #...
.<.......
###...##..#.#...
#.....$>........
#.........5...
#.....ยง.....
#.$.>..5..## # #
##.....hc@..#....
###. .....##(....#
...#####..#..###.#
...........####.##
#................
#.........####.##
#.........# . ####
#.........##..#
...###............#


You could see a centaur, a crimson imp, a friendly hound and a friendly crimson
imp.

Vanquished Creatures
  A sky beast (D:6)
  An adder zombie (D:6)
  A giant gecko (D:5)
  3 orcs
  2 goblins (D:2)
  2 hobgoblins (D:2)
  A kobold (D:2)
  A quokka skeleton (D:4)
12 creatures vanquished.

Vanquished Creatures (collateral kills)
  Menkaure (D:4)
  An ogre (D:5)
  A scorpion (D:5)
  2 crimson imps (D:5)
  A jelly (D:5)
  A quasit (D:5)
  An orc priest (D:6)
  A giant frog skeleton (D:5)
  2 worker ants (D:4)
  A hound skeleton (D:6)
  A worm (D:2)
  A dart slug (D:1)
  6 orcs
  3 goblins (D:1)
  3 bats
  A jackal skeleton (D:5)
  A kobold (D:1)
  2 rats
30 creatures vanquished.

Vanquished Creatures (others)
  A plant (D:5)
1 creature vanquished.

Grand Total: 43 creatures vanquished

Notes
Turn   | Place    | Note
-------+----------+-------------------------------------------
     0 | D:1      | jacquesderrida the Demonspawn Summoner began the quest for the Orb.
     0 | D:1      | Reached XP level 1. HP: 13/13 MP: 3/3
   289 | D:2      | Gained mutation: You have sharp fingernails. [demonic ancestry]
   289 | D:2      | Reached XP level 2. HP: 19/19 MP: 1/5
   366 | D:2      | Learned a level 2 spell: Call Imp
   534 | D:4      | Reached skill level 1 in Unarmed Combat
   534 | D:4      | Reached XP level 3. HP: 24/24 MP: 1/6
   595 | D:5      | Entered Level 5 of the Dungeon
   595 | D:5      | Noticed a scorpion
   596 | D:5      | Found Hyuwet's Jewellery Shop.
   619 | D:5      | Killed a scorpion
   691 | D:5      | Reached skill level 5 in Summonings
   696 | D:5      | Learned a level 3 spell: Call Canine Familiar
   713 | D:5      | Gained mutation: Your flesh is cold resistant. (rC+) [demonic ancestry]
   713 | D:5      | Reached XP level 4. HP: 25/30 MP: 3/7
   740 | D:5      | Found Qouloyclipewk's Distillery.
   874 | D:5      | Reached XP level 5. HP: 11/36 MP: 2/8
   945 | D:5      | Noticed an ogre
   959 | D:5      | Killed an ogre
   959 | D:5      | Reached skill level 1 in Fighting
  1058 | D:4      | Noticed Menkaure
  1075 | D:4      | Killed Menkaure
  1142 | D:4      | Reached XP level 6. HP: 32/43 MP: 3/9
  1158 | D:4      | Noticed Eustachio
  1158 | D:4      | Noticed Dowan
  1160 | D:4      | Noticed Duvessa
  1244 | D:6      | Noticed a sky beast
  1266 | D:6      | Killed a sky beast
  1272 | D:6      | Learned a level 4 spell: Summon Ice Beast
  1397 | D:6      | Gained mutation: You are robust. (+10% HP) [potion of beneficial mutation]
  1397 | D:6      | HP: 1/47 [centaur (6)]
  1401 | D:6      | Slain by a centaur

Vault maps used:
D:1:      erik_arrival_gehennom, nemelex_diamond_rough_becter
D:2:      okawaru_ov_weapons_minmay, first_bread
D:3:      kennysheep_six_static_rooms, lemuel_doored_altar, hex_medium
D:4:      nicolae_dithmenos_through_a_glass_darkly, fountainhead, uniq_robin,
          uniq_eustachio, uniq_menkaure, uniq_duvessa
D:5:      serial_shops, shop, nicolae_shop_temple_entry_statues_fountains,
          serial_bayou, serial_bayou_pond_c, serial_bayou_ford_a,
          serial_bayou_lagoon_b, serial_bayou_crossing, serial_bayou_shore_a,
          serial_bayou_lake_a
D:6:      minmay_holes

Skill      XL: |  1  2  3  4  5  6 |
---------------+-------------------+-----
Unarmed Combat | 1 2 3 |  3.1
Summonings     | 5 |  5.8
Dodging        | 2 |  2.2
Fighting       | 1 |  1.2
Stealth        | |  1.7
Spellcasting   | |  2.8
Ice Magic      | |  0.5

Action                   |  1- 3 |  4- 6 || total
-------------------------+-------+-------++-------
Melee: Unarmed           |    17 |    47 ||    64
 Cast: Summon Small Mamm |    22 |       ||    22
       Call Imp          |     8 |    12 ||    20
       Call Canine Famil |     1 |    10 ||    11
  Use: Potion            |     1 |     2 ||     3
       Scroll            |       |    10 ||    10
 Stab: Sleeping          |       |     1 ||     1
       Distracted        |       |     3 ||     3
  Eat: Chunk             |       |     4 ||     4
       Fruit             |       |     1 ||     1
Armor: Skin              |     8 |       ||     8
       Robe              |     8 |    16 ||    24
Dodge: Dodged            |    24 |    38 ||    62
